 Dungeon Crawl Stone Soup version 0.16.2-12-gd0ad4c3 (webtiles) character file.

69 Seneschal the Ruffian (level 4, -2/40 HPs)
             Began as a Minotaur Monk on Sept 21, 2015.
             Was a Believer of Okawaru.
             Slain by an orc wizard
             ... wielding a +0 dagger
              (5 damage)
             ... on level 3 of the Dungeon.
             The game lasted 00:03:53 (1346 turns).

Seneschal the Ruffian (Minotaur Monk)               Turns: 1346, Time: 00:03:53

Health: -2/40      AC:  4    Str: 15    XL:     4   Next: 2%
Magic:  2/2        EV: 20    Int:  7    God:    Okawaru [**....]
Gold:   104        SH:  0    Dex: 19    Spells: 0 memorised, 3 levels left

rFire  . . .     SeeInvis .       - Unarmed
rCold  . . .     Clarity  .     a - +0 robe
rNeg   . . .     SustAb   .     (no shield)
rPois  .         Gourm    .     (helmet restricted)
rElec  .         Spirit   .     j - +1 cloak
rCorr  .         Warding  .     (no gloves)
rMut   .         Stasis   .     (no boots)
MR     .....                    (no amulet)
Stlth  +++.......               (no ring)
                                (no ring)

@: agile, not resistant to hostile enchantments, fairly stealthy
A: retaliatory headbutt, horns 2
a: Heroism, Renounce Religion


You were on level 3 of the Dungeon.
You worshipped Okawaru.
Okawaru was pleased with you.
You were not hungry.

You visited 1 branch of the dungeon, and saw 3 of its levels.

You collected 104 gold pieces.

Inventory:

Armour
 a - a +0 robe (worn)
 j - a +1 cloak (worn)
Scrolls
 c - 2 scrolls of enchant weapon {unknown}
 d - 5 scrolls of remove curse {unknown}
 f - 2 scrolls of identify {unknown}
 k - a scroll of random uselessness {unknown}
 l - 2 scrolls of magic mapping {unknown}
 m - 2 scrolls of immolation {unknown}
 o - 2 scrolls of fog {unknown}
 p - a scroll of blinking {unknown}
 q - a scroll of recharging {unknown}
Potions
 n - a potion of haste {unknown}
Comestibles
 b - 2 bread rations
 g - 2 meat rations


   Skills:
 + Level 4.2 Fighting
 + Level 3.9 Dodging
 - Level 1.5 Stealth
 + Level 5.4 Unarmed Combat


You had 3 spell levels left.
You didn't know any spells.

Dungeon Overview and Level Annotations

Branches:
Dungeon (3/15)

Altars:
Elyvilon
Okawaru


Innate Abilities, Weirdness & Mutations

You reflexively headbutt those who attack you in melee.
You have a pair of horns on your head.


Message History

The rat barely misses you. The orc closely misses you.
Drink which item? (? for menu, Esc to quit)
It was a potion of agility.
You feel agile all of a sudden.
You feel less confused.
The giant gecko bites you but does no damage.
The orc hits you but does no damage. The orc misses you.
You furiously retaliate!
You headbutt the orc!
You kill the orc!
Okawaru accepts your kill.
Drink which item? (? for menu, Esc to quit)
It was a potion of restore abilities.
You feel refreshed. The giant gecko closely misses you.
You furiously retaliate!
You headbutt the giant gecko.
You kill the giant gecko!
Okawaru accepts your kill.
You have reached level 4!
You feel agile. The orc closely misses you. Something hits you.
You die...

#.# ### #####. #.# #..
..>..> #.# #.# #.##.#
#)# #.# #.##.# #.###
#.# ##.##.#
....###.####..##.######
.............)......(.#
...........#.###.####.#
(######.#..#.##.@....#
.# #.#..#.##)†##.##
#######.#..#...oor.##
.<.......###..)...#
#####.#..# #..w..#.#
#........>...# ..
###..###.....# #. #..#
#...... .... .(...###


You could see a worm, 2 orcs and a rat.

Vanquished Creatures
  An adder (D:2)
  2 worms (D:2)
  A giant gecko (D:3)
  An ooze (D:2)
  3 orcs (D:3)
  6 bats
  3 giant cockroaches
  7 goblins
  5 hobgoblins
  5 kobolds
  A ball python (D:1)
  A giant newt (D:3)
  6 rats
42 creatures vanquished.

Notes
Turn   | Place    | Note
--------------------------------------------------------------
     0 | D:1      | Seneschal, the Minotaur Monk, began the quest for the Orb.
     0 | D:1      | Reached XP level 1. HP: 19/19 MP: 1/1
   656 | D:2      | Reached XP level 2. HP: 27/27 MP: 1/1
   673 | D:2      | Found an iron altar of Okawaru.
   681 | D:2      | Reached skill level 5 in Unarmed Combat
   692 | D:2      | Became a worshipper of Warmaster Okawaru
   692 | D:2      | Acquired Okawaru's first power
   712 | D:2      | Reached XP level 3. HP: 33/33 MP: 2/2
   737 | D:2      | Found a white marble altar of Elyvilon.
  1346 | D:3      | Reached XP level 4. HP: 3/40 MP: 2/2
  1346 | D:3      | Slain by an orc wizard

Action                   |  1- 3 |  4- 6 || total
-------------------------+-------+-------++-------
Melee: Unarmed           |   100 |       ||   100
  Use: Potion            |     2 |       ||     2
 Stab: Sleeping          |     1 |       ||     1
  Eat: Beef jerky        |     1 |       ||     1
